 Dungeon Crawl Stone Soup version 0.30.0-5-g1a98f26d00 (webtiles) character file.

Game seed: 7842195684700680946

1459 Pimp the Trooper (level 8, 0/60 (71) HPs)
             Began as a Hill Orc Fighter on May 8, 2023.
             Slain by a wight
             ... wielding a +3 halberd
              (2 damage)
             ... on level 6 of the Dungeon.
             The game lasted 00:09:37 (5474 turns).

Pimp the Trooper (Hill Orc Fighter)                 Turns: 5474, Time: 00:09:38

HP:   0/60 (71)     AC: 13    Str: 21    XL:     8   Next: 76%
MP:   20/20         EV:  9    Int:  8    God:
Gold: 291           SH:  5    Dex: 10    Spells: 11/11 levels left

rFire   . . .        a - +0 war axe
rCold   . . .        c - +0 buckler
rNeg    . . .        b - +0 scale mail
rPois   .            f - +2 helmet
rElec   .            e - +1 cloak
rCorr   +            (no gloves)
SInv    .            (no boots)
Will    .....        (no amulet) Stlth
                     p - ring of resist corrosion
HPRegen 0.30/turn    o - ring of magical power
MPRegen 0.17/turn

%: no passive effects
@: mighty, lethally poisoned (0 -> -3), heavily drained
A: no striking features
a: no special abilities


You were on level 6 of the Dungeon.
You visited 1 branch of the dungeon, and saw 7 of its levels.
You also visited: Sewer.

You collected 291 gold pieces.

Inventory:

Hand Weapons
 a - a +0 war axe (weapon)
 t - a +3 hammer
Missiles
 h - 2 throwing nets (quivered)
 w - 3 boomerangs of dispersal
Armour
 b - a +0 scale mail (worn)
 c - a +0 buckler (worn)
 e - a +1 cloak (worn)
 f - a +2 helmet (worn)
 m - a scarf of shadows
 n - a +0 ring mail
Magical Staves
 y - the staff of poison "Ylleel" {rPois rCorr Int+6 Dex+4}
   (You acquired it on level 4 of the Dungeon)

   [staff of poison]

   Base accuracy: +5 Base damage: 5 Base attack delay: 1.2 This weapon's minimum
   attack delay (0.6) is reached at skill level 12.
   Int:       It affects your intelligence (+6).
   Dex:       It affects your dexterity (+4).
   rPois:     It protects you from poison.
   rCorr:     It protects you from acid and corrosion.
   It falls into the 'Staves' category.
   It is a one-handed weapon.
Jewellery
 o - a ring of magical power (right hand)
 p - a ring of resist corrosion (left hand)
 q - a ring of positive energy
Wands
 r - a wand of polymorph (11)
 u - a wand of paralysis (14)
Scrolls
 g - a scroll of immolation
 i - 2 scrolls of silence
 k - a scroll of blinking
 s - a scroll of fog
 z - a scroll of teleportation
Potions
 d - a potion of might
 j - 2 potions of cancellation
 l - 4 potions of degeneration


   Skills:
 + Level 6.7 Fighting
 + Level 6.6 Axes
 + Level 6.2 Armour
 + Level 6.0 Shields
 + Level 2.2 Spellcasting
 + Level 2.6 Poison Magic


You had 11 spell levels left.
You didn't know any spells.
Your spell library was empty.

Dungeon Overview and Level Annotations

Branches:
Dungeon (7/15)              Sewer (visited)
 Temple: D:4-7

Altars:
Elyvilon
Fedhas
Xom


Message History

You block the phantom's attack.
The wight hits you from afar with a +3 halberd.
You feel drained.
The scorpion stings you but does no damage.
The wight barely misses you.
There is a stone staircase leading down, spattered with blood here.
You closely miss the scorpion. You slash the wight! You hit the phantom.
You slash the wight! You block the wight's attack.
The phantom hits you but does no damage.
The scorpion stings you.
You are poisoned.
The scorpion poisons you!
The wight hits you from afar with a +3 halberd.
You feel drained. The wight hits you but does no damage.
You slash the scorpion!
The scorpion is almost dead.
You slash the wight!
You destroy the wight!
You slice the phantom!! You slash the wight!
You destroy the wight!
You feel very sick. You block the scorpion's attack.
The phantom hits you but does no damage.
The wight hits you but does no damage.
You slash the scorpion!
You kill the scorpion!
You closely miss the phantom.
You feel very sick. The phantom closely misses you.
The wight barely misses you.
You slash the phantom!
You destroy the phantom!
You feel sick.
The wight hits you from afar with a +3 halberd!
* * * LOW HITPOINT WARNING * * *
The wight barely misses you.
Your Shields skill increases to level 6!
You feel sick. The wight hits you with a +3 halberd.
* * * LOW HITPOINT WARNING * * *
You feel drained.
You die...

###########
#.....@>).#
.######....z)...#
........####+#..#
.######.# ...<.
.Wz.b.W)# ..##..
##..######b# ...
). .......<.bb#
..## .
.#..#####b.# ..#
#........


You could see a wight.

Vanquished Creatures
  Prince Ribbit (D:5)
  A sky beast (D:7)
  A black bear (D:5)
  An ogre (D:5)
  2 phantoms
  A kobold brigand (Sewer)
  2 scorpions
  3 wights
  2 hounds (D:5)
  A gnoll bouda (D:6)
  Crazy Yiuf (D:4)
  An orc priest (D:3)
  A sleepcap (D:3)
  3 orc wizards
  3 gnolls (D:6)
  15 adders
  A river rat (Sewer)
  A shadow imp (D:4)
  A worm (D:2)
  10 orcs
  4 endoplasms
  5 giant cockroaches
  4 goblins
  4 hobgoblins
  8 jackals
  3 quokkas
  10 ball pythons
  2 bats (D:2)
  A frilled lizard (D:1)
  11 kobolds
  8 rats
112 creatures vanquished.

Notes
Turn   | Place    | Note
-------+----------+-------------------------------------------
     0 | D:1      | Pimp the Hill Orc Fighter began the quest for the Orb.
     0 | D:1      | Reached XP level 1. HP: 19/19 MP: 1/1
   238 | D:1      | Reached XP level 2. HP: 27/27 MP: 2/2
   701 | D:2      | Reached XP level 3. HP: 33/33 MP: 3/3
   999 | D:2      | Noticed a scorpion
  1007 | D:2      | Killed a scorpion
  1008 | D:2      | Reached XP level 4. HP: 30/41 MP: 4/4
  1244 | D:2      | Found a shimmering altar of Xom.
  1724 | D:3      | Reached XP level 5. HP: 17/47 MP: 5/5
  1906 | D:3      | Found a glowing drain.
  1913 | Sewer    | Entered a sewer
  2017 | Sewer    | Noticed a kobold brigand
  2034 | Sewer    | Killed a kobold brigand
  2035 | Sewer    | Reached skill level 5 in Fighting
  2035 | Sewer    | Reached XP level 6. HP: 30/56 MP: 6/6
  2757 | D:3      | Reached skill level 5 in Axes
  3121 | D:4      | Identified the +9 short sword of Ahoexe {flame, rPois
                  | Dex+3}
  3185 | D:4      | Identified a scroll of acquirement
  3185 | D:4      | Acquired the staff of poison "Ylleel" {rPois rCorr Int+6
                  | Dex+4}
  3212 | D:4      | Found a runed translucent door.
  3213 | D:4      | Noticed Crazy Yiuf
  3236 | D:4      | Killed Crazy Yiuf
  3237 | D:4      | Reached skill level 5 in Armour
  3576 | D:4      | Reached skill level 5 in Shields
  3576 | D:4      | Reached XP level 7. HP: 34/61 MP: 7/7
  4003 | D:4      | Found a white marble altar of Elyvilon.
  4003 | D:4      | Found a blossoming altar of Fedhas.
  4143 | D:5      | Entered Level 5 of the Dungeon
  4177 | D:5      | Reached skill level 1 in Poison Magic
  4177 | D:5      | Noticed Prince Ribbit
  4213 | D:5      | HP: 3/62 [Prince Ribbit (5)]
  4224 | D:5      | Killed Prince Ribbit
  4225 | D:5      | Reached skill level 1 in Spellcasting
  4464 | D:5      | Reached XP level 8. HP: 57/70 MP: 10/10
  5191 | D:7      | HP: 2/47 [wight/+0 hand axe (2)]
  5474 | D:6      | HP: 2/62 [wight/+3 halberd (4)]
  5474 | D:6      | Slain by a wight

Illustrated notes

Levels and vault maps discovered:
D:1:      dpeg_arrival_tiny_i, layout_loops_cross
D:2:      layout_basic, basic_altar
D:3:      layout_rooms, portal_sewer_entry_e
D:4:      layout_basic, gammafunk_temple_overflow_wave, uniq_crazy_yiuf_cottage
D:5:      layout_gridville, uniq_prince_ribbit1
D:6:      minmay_chambers_of_sixes, layout_loops_ring, general_overflow_altar,
          ebering_ghost_xom
D:7:      layout_cave_pools, mainiacjoe_overflow_paths, temple_green,
          serial_shops, shop, serial_park_tiny_pond,
          nicolae_concentric_dashed_squares_mild

Skill      XL: |  1  2  3  4  5  6  7  8 |
---------------+-------------------------+-----
Axes           | 3 4 5 6 |  6.6
Fighting       | 4 5 6 |  6.7
Armour         | 4 5 6 |  6.2
Shields        | 4 5 6 |  6.0
Poison Magic   | 1 2 |  2.6
Spellcasting   | 1 2 |  2.2

Action                     |  1- 3 |  4- 6 |  7- 9 || total
---------------------------+-------+-------+-------++-------
  Melee: War axe           |    46 |   209 |   126 ||   381
  Throw: Throwing net      |       |       |     2 ||     2
    Use: Scroll            |     3 |     7 |     3 ||    13
         Potion            |       |     8 |     6 ||    14
 Armour: Scale mail        |    19 |   132 |    79 ||   230
         Skin              |       |       |     6 ||     6
  Dodge: Dodged            |    14 |   132 |    76 ||   222
  Block: Buckler           |    11 |    52 |    40 ||   103
